AoeStats
← b1gFooot

Migration

510001975Analyzed
1v1 RM · 2d ago on Sep 29, 2026· 100m 40s· 2 players
Game mode
Random Map
Map size
132×132
Population
200
Speed
Normal
Resources
Standard
Victory
Conquest
Starting age
Dark Age
Ending age
Imperial Age
RankedLock teamsTeams togetherTeam positionsShared explorationLock speedFull tech treeHidden civsTurbo modeCheats
Victory
Defeat
🇻🇳 Franks · Vietnam
1119
+17
🇲🇽 Saracens · Mexico
1131
-17
WooftyDoosh
8:43 Loom
10:13 Loom
12:32 Feudal Age
13:09 Double-Bit Axe
16:04 Fishing Lines
18:07 Fletching
23:16 Castle Age
22:30 Forging
23:50 Scale Barding Armor
24:33 Medium Warships
24:23 Gillnets
24:30 Bodkin Arrow
24:56 Gold Mining
25:25 Bow Saw
25:59 Scale Mail Armor
30:04 Imperial Age
30:34 Careening
30:42 Clinker Construction
32:00 Chemistry
32:21 Conscription
35:04 Wheelbarrow
35:29 Town Watch
36:05 Chain Mail Armor
36:57 Iron Casting
37:33 Hand Cart
38:45 Heavy Warships
38:53 Plate Mail Armor
38:40 Arson
38:42 Gambesons
39:01 Squires
40:10 Gold Shaft Mining
41:04 Devotion
42:07 Blast Furnace
41:48 Gambesons
41:43 Light Cavalry
45:29 Elite Throwing Axeman
47:21 Clinker Construction
46:55 Treadmill Crane
47:22 Siege Engineers
52:37 Demolition Ship
57:03 Scale Barding Armor
58:39 Husbandry
58:01 Cavalier
60:02 Chain Barding Armor
60:22 Paladin
61:40 Plate Barding Armor
63:01 Stone Mining
63:33 Town Patrol
65:26 Faith
68:41 Carvel Hull
68:33 Masonry
71:00 Padded Archer Armor
74:45 Architecture
74:28 Careening
75:05 Elite Skirmisher
76:06 Leather Archer Armor
76:08 Chivalry
76:47 Hoardings
83:50 Ballistics
b1gFooot
4:20 Loom
12:16 Feudal Age
13:34 Wheelbarrow
12:47 Double-Bit Axe
16:19 Town Watch
16:23 Fishing Lines
20:22 Castle Age
20:18 Stone Mining
21:20 Hand Cart
21:17 Bow Saw
20:59 Gold Mining
23:27 Fervor
25:52 Gold Shaft Mining
26:44 Forging
27:38 Sanctity
28:12 Horse Collar
32:51 Imperial Age
33:00 Iron Casting
33:13 Fletching
33:53 Block Printing
34:15 Theocracy
36:26 Illumination
36:12 Redemption
36:35 Scale Barding Armor
38:58 Chain Barding Armor
38:15 Elite Mameluke
40:26 Conscription
41:03 Plate Barding Armor
41:29 Blast Furnace
41:32 Two-Man Saw
40:09 Elite Skirmisher
42:44 Chemistry
43:45 Medium Warships
42:55 Demolition Ship
42:56 Elite Cannon Galleon
44:08 Padded Archer Armor
45:21 Masonry
45:09 Murder Holes
44:36 Man-at-Arms
44:37 Pikeman
45:02 Gambesons
45:18 Squires
45:03 Arson
45:36 Leather Archer Armor
45:18 Bodkin Arrow
47:25 Ballistics
47:37 Ring Archer Armor
47:07 Bracer
48:37 Heavy Warships
53:25 Crossbowman
54:11 Thumb Ring
54:00 Arbalester
62:00 Long Swordsman
63:11 Scale Mail Armor
63:21 Siege Engineers
65:45 Town Patrol
92:41 Husbandry
95:15 Bloodlines
Connection lost

Rejoining the realm…

Still unreachable

The connection could not be restored.

Session expired

The server has moved on; the page needs a fresh start.